 Dungeon Crawl Stone Soup version 0.14.1-26-g5a19342 (webtiles) character file.

188 Kae the Chiller (level 4, -1/30 HPs)
             Began as a Demonspawn Ice Elementalist on July 24, 2014.
             Was an Initiate of Vehumet.
             Slain by a black bear zombie (2 damage)
             ... on Level 3 of the Dungeon.
             The game lasted 00:03:14 (2688 turns).

Kae the Chiller (Demonspawn Ice Elementalist)       Turns: 2688, Time: 00:03:14

HP  -1/30        AC  3     Str  8      XL: 4   Next: 21%
MP   8/9         EV 12     Int 18      God: Vehumet [......]
Gold 106         SH  0     Dex 13      Spells:  2 memorised,  6 levels left

rFire  . . .     SeeInvis .     i - +0 dagger
rCold  . . .     Clarity  .     a - +0 robe
rNeg   + . .     Conserve .     (no shield)
rPois  .         rCorr    .     (no helmet)
rElec  .         rRot     .     w - +0 cloak
SustAb . .       Spirit   .     (no gloves)
rMut   .         Warding  +     (no boots)
Saprov . . .     Stasis   .     o - amulet of warding {unknown}
MR     .....                    (no ring)
                                (no ring)

@: not resistant to hostile enchantments, fairly stealthy
A: powered by death 1, spiny 1
a: Renounce Religion


You were on level 3 of the Dungeon.
You worshipped Vehumet.
Vehumet was noncommittal.
You were not hungry.

You visited 1 branch of the dungeon, and saw 4 of its levels.

You collected 106 gold pieces.

Inventory:

Hand weapons
 i - a +0,+0 dagger (weapon)
Armour
 a - a +0 robe (worn)
 w - a +0 cloak (worn)
Magical devices
 v - a wand of magic darts (12) {unknown}
Comestibles
 c - 3 bread rations
 k - an apple
 n - a pear
Scrolls
 e - 2 scrolls of remove curse {unknown}
 f - 2 scrolls of magic mapping {unknown}
 h - a scroll of blinking {unknown}
 j - 2 scrolls of recharging {unknown}
 m - a scroll of immolation {unknown}
 s - a scroll of identify {unknown}
 u - a scroll of enchant weapon I {unknown}
Jewellery
 o - an amulet of warding (around neck) {unknown}
 p - an uncursed ring of ice {unknown}
Potions
 d - 3 potions of heal wounds {unknown}
 g - 2 potions of restore abilities {unknown}
 l - 2 potions of curing {unknown}
 q - a potion of degeneration {unknown}
 r - a potion of poison {unknown}
 t - a potion of berserk rage {unknown}
Books
 b - a book of Frost

   Spells                             Type                      Level
   *Freeze                            Ice                          1
   *Throw Frost                       Conjuration/Ice              2
   Ozocubu's Armour                   Charms/Ice                   3
   Throw Icicle                       Conjuration/Ice              4
   Summon Ice Beast                   Ice/Summoning                4
   Condensation Shield                Ice                          4


   Skills:
 - Level 1.7 Dodging
 - Level 1.7 Stealth
 + Level 3.0 Spellcasting
 * Level 1.4 Conjurations
 * Level 3.8 Ice Magic


You had 6 spell levels left.
You knew the following spells:

 Your Spells              Type           Power        Failure   Level  Hunger
a - Freeze                Ice            ###.         3%          1    None
b - Throw Frost           Conj/Ice       ##....       12%         2    ##.....


Dungeon Overview and Level Annotations

Branches:
Dungeon (4/15)
 Temple: D:4-7

Altars:
Vehumet

Annotations:
D:4 Ijyb


Innate Abilities, Weirdness & Mutations

You can steal the life force of nearby defeated enemies.
You are partially covered in sharp spines.


Message History

You freeze the black bear zombie.
The black bear zombie resists.
The black bear zombie closely misses you.
The black bear zombie claws you.
The black bear zombie claws you but does no damage.
You hit the black bear zombie. The black bear zombie bites you.
The black bear zombie misses you.
The black bear zombie claws you but does no damage.
You hit the black bear zombie. You hit the black bear zombie.
The black bear zombie is struck by your spines.
The black bear zombie bites you.
* * * LOW HITPOINT WARNING * * *
The black bear zombie claws you.
* * * LOW HITPOINT WARNING * * *
The black bear zombie barely misses you.
You hit the black bear zombie. The black bear zombie bites you.
* * * LOW HITPOINT WARNING * * *
The black bear zombie claws you but does no damage.
The black bear zombie claws you.
You die...

##.#.######.........# ##.##
#.#........###[##### #.#
#.########## #.# #.# ##+## #.#
#.# ##...## #.# #.# #.....##
####.# #.# <......## ##.#..#
###.#####
........####....#########.......#
........+.......@...............'
........####...z####.........##.#
.<.....## ###.#.# #.####.#.###.#
#..<..## ##.###.# #.# #....# #.#
##...## #>.....# #.# #..#.# #.#
##+## ##.##### #.###..#.# #.#
###.### #.# #........###.#
......# #.# #####........#
###.#.# #.# #.........


You could see a black bear zombie.

Vanquished Creatures
  3 adders
  A worm (D:2)
  A giant gecko (D:2)
  7 orcs (D:3)
  2 giant cockroaches (D:3)
  4 hobgoblins
  A ball python (D:1)
  5 bats
  5 giant newts
  4 goblins
  5 kobolds
  3 rats
41 creatures vanquished.

Notes
Turn   | Place    | Note
--------------------------------------------------------------
     0 | D:1      | Kae, the Demonspawn Ice Elementalist, began the quest for the Orb.
     0 | D:1      | Reached XP level 1. HP: 13/13 MP: 3/3
   728 | D:2      | Reached skill level 3 in Ice Magic
   770 | D:2      | Gained mutation: You can steal the life force of nearby defeated enemies. [demonic ancestry]
   770 | D:2      | Reached XP level 2. HP: 11/19 MP: 1/4
  1358 | D:2      | Gained mutation: You are partially covered in sharp spines. [demonic ancestry]
  1358 | D:2      | Reached XP level 3. HP: 2/24 MP: 0/6
  1966 | D:3      | Learned a level 2 spell: Throw Frost
  2038 | D:3      | Reached XP level 4. HP: 28/30 MP: 7/9
  2203 | D:3      | Found a radiant altar of Vehumet.
  2213 | D:3      | Became a worshipper of Vehumet
  2653 | D:4      | Noticed Ijyb
  2688 | D:3      | HP: 1/30 [black bear zombie (5)]
  2688 | D:3      | Slain by a black bear zombie

Action                   |  1- 3 |  4- 6 || total
-------------------------+-------+-------++-------
Melee: Dagger            |    45 |    32 ||    77
       Unarmed           |     9 |       ||     9
 Cast: Freeze            |    26 |    10 ||    36
       Throw Frost       |       |     1 ||     1
 Stab: Sleeping          |     3 |       ||     3
